 Dungeon Crawl Stone Soup version 0.31.0-32-g396128a36d (webtiles) character file.

Game seed: 821955364507092604

80 Doomgape the Covered (level 4, 0/29 HPs)
             Began as a Gargoyle Fighter on Apr 5, 2024.
             Incinerated by a bombardier beetle (7 damage)
             ... with a burning spray
             ... on level 2 of the Dungeon.
             The game lasted 00:03:16 (970 turns).

Doomgape the Covered (Gargoyle Fighter)              Turns: 970, Time: 00:03:16

Health: 0/29       AC: 13    Str: 21    XL:     4   Next: 39%
Magic:  4/4        EV:  8    Int:  9    God:
Gold:   37         SH:  4    Dex:  9    Spells: 3/3 levels left

rFire   . . .        a - +0 flail
rCold   . . .        c - +0 buckler
rNeg    + . .        g - +0 chain mail
rPois   ∞            (no helmet)
rElec   +            (no cloak)
rCorr   .            (no gloves)
SInv    .            (no boots)
Will    .....        (no amulet) Stlth
                     (no ring)
HPRegen 0.24/turn    (no ring)
MPRegen 0.09/turn

%: no passive effects
@: on fire, glowing
A: sickness immunity, AC +3, negative energy resistance 1, electricity
resistance, torment resistance 1, petrification resistance
a: no special abilities


You were on level 2 of the Dungeon.
You visited 1 branch of the dungeon, and saw 2 of its levels.

You collected 37 gold pieces.

Inventory:

Hand Weapons
 a - a +0 flail (weapon)
Missiles
 k - a throwing net (quivered)
Armour
 c - a +0 buckler (worn)
 g - a +0 chain mail (worn)
Scrolls
 b - 2 scrolls of teleportation {unknown}
 h - a scroll of immolation {unknown}
 i - 2 scrolls of vulnerability {unknown}
 l - a scroll of amnesia {unknown}
 m - a scroll of fog {unknown}
Potions
 d - a potion of might
 e - a potion of degeneration {unknown}
 f - 2 potions of heal wounds {unknown}
 j - a potion of curing {unknown}


   Skills:
 + Level 3.9 Fighting
 + Level 2.8 Maces & Flails
 + Level 4.0 Armour
 + Level 3.9 Shields


You had 3 spell levels left.
You didn't know any spells.
Your spell library was empty.

Dungeon Overview and Level Annotations

Branches:
Dungeon (2/15)

Altars:

Shops:
D:2 *:


Innate Abilities, Weirdness & Mutations

You are immune to sickness and miasma.
Your stone body is resilient. (AC +3)
You are immune to poison.
You resist negative energy. (rN+)
You are resistant to electric shocks. (rElec)
You are resistant to unholy torment.
You are immune to petrification.


Message History

The bombardier beetle bites you but does no damage.
You hit the bombardier beetle.
The bombardier beetle is almost dead.
The bombardier beetle sprays incendiary fluid at you.
The burning spray hits you.
You are covered in liquid fire!
You hear an angry hiss.
You thump the bombardier beetle!
You kill the bombardier beetle!
The liquid fire burns you!
You hear an angry hiss.
A frilled lizard comes into view.
You block the endoplasm's attack.
Your Armour skill increases to level 4!
You have reached level 4!
You feel clever.
You hit the endoplasm.
The endoplasm is severely wounded.
The liquid fire burns you! The endoplasm freezes you.
You are frozen.
You hit the endoplasm.
You kill the endoplasm!
The liquid fire burns you!
A ball python comes into view.
You miss the frilled lizard. The liquid fire burns you!
You block the frilled lizard's attack.
The frilled lizard bites you but does no damage.
You sock the frilled lizard!
You kill the frilled lizard!
The liquid fire burns you! The ball python bites you.
* * * LOW HITPOINT WARNING * * *
The ball python grabs you. The ball python constricts you.
* * * LOW HITPOINT WARNING * * *
You thump the ball python!
You kill the ball python!
The liquid fire burns you!
You die...

........##.# ..# #.
........##.# ..#.. #.
#####'#....####.... ##
...............#######
#####...8............+
####.#####..##### #∩#
##..# #.# ##.# #<# #@#
#.# #†# #8# ... #.#
...#. #.. ....#.. ###
.....# .. ......# #.#
######## ..


There were no monsters in sight!

Vanquished Creatures
  A bombardier beetle (D:2)
  A ribbon worm (D:2)
  4 ball pythons
  3 bats
  5 endoplasms
  2 giant cockroaches (D:2)
  5 goblins
  7 hobgoblins
  4 jackals (D:1)
  2 kobolds (D:1)
  3 quokkas
  2 frilled lizards
  2 rats (D:2)
41 creatures vanquished.

Notes
Turn   | Place    | Note
-------+----------+-------------------------------------------
     0 | D:1      | Doomgape the Gargoyle Fighter began the quest for the Orb.
     0 | D:1      | Reached XP level 1. HP: 14/14 MP: 1/1
   130 | D:1      | Reached XP level 2. HP: 19/19 MP: 2/2
   443 | D:1      | Reached XP level 3. HP: 23/23 MP: 3/3
   840 | D:2      | Found Xiky's Book Emporium.
   934 | D:2      | Found Etonen's Assorted Antiques.
   966 | D:2      | Reached skill level 4 in Armour
   966 | D:2      | Reached XP level 4. HP: 27/29 MP: 4/4
   970 | D:2      | Incinerated by a bombardier beetle

Illustrated notes

Levels and vault maps discovered:
D:1:      amcnicky_arrival_gap_in_the_tavern_cellar, layout_basic, serial_glass,
          glass_columns_a, glass_columns_c, glass_columns_c,
          reono_crystal_passage
D:2:      layout_basic, serial_shops, shop_statue, shop,
          nicolae_shop_hallway_stairs, minmay_split_cup_small

Skill      XL: |  1  2  3 |
---------------+----------+-----
Armour         | 4 |  4.0
Fighting       | |  3.9
Maces & Flails | |  2.8
Shields        | |  3.9

Action                     |  1- 3 |  4- 6 || total
---------------------------+-------+-------++-------
  Melee: Flail             |   125 |     5 ||   130
 Armour: Chain mail        |   111 |     2 ||   113
         Scale mail        |     2 |       ||     2
  Dodge: Dodged            |    54 |       ||    54
  Block: Buckler           |    42 |     1 ||    43
